 Dungeon Crawl Stone Soup version 0.28.0-45-g0d030f2227 (webtiles) character file.

Game seed: 11908908726879304238

109 terff the Chopper (level 4, -7/61 HPs)
             Began as a Hill Orc Monk on Apr 9, 2022.
             Mangled by a gnoll
             ... wielding a +0 club
              (8 damage)
             ... on level 3 of the Dungeon.
             The game lasted 00:03:47 (3516 turns).

terff the Chopper (Hill Orc Monk)                   Turns: 3516, Time: 00:03:48

Health: -7/61      AC:  6    Str: 15    XL:     4   Next: 89%
Magic:  4/4        EV: 10    Int: 10    God:
Gold:   161        SH:  0    Dex: 13    Spells: 3/3 levels left

rFire   . . .      SeeInvis .   a - +0 hand axe
rCold   . . .      Faith    .   (no shield)
rNeg    . . .      Spirit   .   g - +0 scale mail
rPois   .          Reflect  .   (no helmet)
rElec   .          Harm     .   (no cloak)
rCorr   .          Rampage  .   (no gloves)
Will    .....                   (no boots)
Stlth   ..........              (no amulet)
HPRegen 0.20/turn               (no ring)
MPRegen 0.09/turn               (no ring)

@: berserking, very quick
A: no striking features
a: no special abilities


You were on level 3 of the Dungeon.
You visited 1 branch of the dungeon, and saw 3 of its levels.

You collected 161 gold pieces.

Inventory:

Hand Weapons
 a - a +0 hand axe (weapon)
Armour
 g - a +0 scale mail (worn)
Scrolls
 d - a scroll of magic mapping
 f - a scroll of brand weapon {unknown}
Potions
 c - a potion of might {unknown}
 e - a potion of invisibility {unknown}
 h - 2 potions of brilliance {unknown}


   Skills:
 + Level 4.3 Fighting
 + Level 5.3 Axes
 + Level 1.1 Armour
 + Level 2.9 Dodging
 + Level 2.2 Stealth


You had 3 spell levels left.
You didn't know any spells.
Your spell library contained the following spells:

 Spells                   Type           Power      Damage    Failure   Level
 Beastly Appendage        Tmut           0%         N/A       83%         1
 Magic Dart               Conj           0%         1d3       83%         1
 Call Imp                 Summ           0%         N/A       93%         2
 Wereblood                Tmut           0%         N/A       93%         2
 Mephitic Cloud           Conj/Pois/Air  0%         N/A       99%         3
 Spider Form              Tmut/Pois      0%         N/A       99%         3


Dungeon Overview and Level Annotations

Branches:
Dungeon (3/15)

Altars:
Ashenzari
Gozag
Okawaru
Trog


Message History

Found an iron altar of Okawaru.
There is an escape hatch in the ceiling here.
The gnoll drinks a potion.
The gnoll goes berserk!
There is an open door here.
You hit the gnoll but do no damage. The gnoll hits you with a +0 club.
You hit the gnoll.
The gnoll is moderately wounded.
The gnoll hits you with a +0 club! x2
You barely miss the gnoll.
The gnoll is moderately wounded.
The gnoll hits you with a +0 club. x2
You barely miss the gnoll.
The gnoll is moderately wounded.
The gnoll misses you.
Sorry, you're not good enough to have a special ability.
A red film seems to cover your vision as you go berserk!
You feel yourself moving faster!
You feel mighty! The gnoll hits you with a +0 club!
* * * LOW HITPOINT WARNING * * *
The gnoll completely misses you.
You barely miss the gnoll. You punch the gnoll.
The gnoll is heavily wounded.
The gnoll hits you with a +0 club.
* * * LOW HITPOINT WARNING * * *
You closely miss the gnoll.
The gnoll is heavily wounded.
The gnoll hits you with a +0 club!
* * * LOW HITPOINT WARNING * * *
You closely miss the gnoll.
The gnoll is heavily wounded.
The gnoll hits you with a +0 club.
* * * LOW HITPOINT WARNING * * *
You barely miss the gnoll.
The gnoll is heavily wounded.
The gnoll hits you with a +0 club.
* * * LOW HITPOINT WARNING * * *
You closely miss the gnoll.
The gnoll is heavily wounded.
The gnoll hits you with a +0 club!
You die...

##### ##...### ### #<.....# #..
######### ##@###.# #.#
........# #.g.##.# #..
#######.# #...##.## ####### #
#.# #...##..# #...... #
#####.#######...##..#####......
#
#..........##...##.............
#
#.###......##_._##.............
# #.#
#......#######.#........... #
#.# #......#######.#...........


You could see a gnoll (berserk).

Vanquished Creatures
  A hound (D:2)
  An adder (D:2)
  4 worms
  3 dart slugs
  3 ball pythons
  6 bats
  2 endoplasms
  4 giant cockroaches
  13 goblins
  4 hobgoblins
  3 quokkas
  A frilled lizard (D:1)
  A kobold (D:1)
  4 rats
50 creatures vanquished.

Vanquished Creatures (others)
  2 demonic plants (D:2)
2 creatures vanquished.

Grand Total: 52 creatures vanquished

Notes
Turn   | Place    | Note
-------+----------+-------------------------------------------
     0 | D:1      | terff the Hill Orc Monk began the quest for the Orb.
     0 | D:1      | Reached XP level 1. HP: 19/19 MP: 1/1
   186 | D:1      | Reached XP level 2. HP: 27/27 MP: 2/2
  1402 | D:2      | Reached XP level 3. HP: 21/33 MP: 3/3
  1997 | D:2      | Reached skill level 5 in Axes
  1997 | D:2      | Reached XP level 4. HP: 17/40 MP: 4/4
  2395 | D:2      | Found a faded altar of an unknown god.
  3023 | D:3      | Found an opulent altar of Gozag.
  3168 | D:3      | Found a broken altar of Ashenzari.
  3288 | D:3      | Reached skill level 1 in Armour
  3502 | D:3      | Found a bloodstained altar of Trog.
  3503 | D:3      | Found an iron altar of Okawaru.
  3515 | D:3      | HP: 1/61 [gnoll/+0 club (5)]
  3516 | D:3      | Mangled by a gnoll

Illustrated notes

Levels and vault maps discovered:
D:1:      evilmike_arrival_home_sweet_home, layout_loops_corners,
          serial_co_window_serial, co_window_paths_b, co_window_paths_a,
          co_window_corner_a, co_window_paths_a, co_window_corner_a,
          co_window_paths_a, co_window_paths_a, co_window_2corner,
          co_window_2corner, co_window_2corner, co_window_broadway_c,
          co_window_2corner, glass_columns_b, glass_columns_a, glass_columns_b,
          item_on_display_a
D:2:      cheibrodos_greedy_goblins, layout_loops_ring,
          dreamdust_ecumenical_altar_sealed_demon
D:3:      layout_basic, lemuel_round_altar, grunt_temple_overflow_bloody_war,
          mainiacjoe_overflow_alcove_1

Skill      XL: |  1  2  3  4 |
---------------+-------------+-----
Fighting       | 4 |  4.3
Stealth        | 2 |  2.2
Axes           | 5 |  5.3
Armour         | 1 |  1.1
Dodging        | |  2.9

Action                   |  1- 3 |  4- 6 || total
-------------------------+-------+-------++-------
Melee: Hand axe          |   100 |    99 ||   199
       Punch             |     1 |     2 ||     3
  Use: Scroll            |       |     4 ||     4
       Potion            |       |     1 ||     1
 Stab: Sleeping          |     6 |       ||     6
       Distracted        |     1 |       ||     1
Armor: Robe              |    11 |       ||    11
       Ring mail         |    32 |    11 ||    43
       Scale mail        |       |    27 ||    27
Dodge: Dodged            |    52 |    66 ||   118
